woodfighter, chaotic female orcish Cavewoman --------------------------- |...........|.....|.......| ----.---...---.|.---.|.|q---.|-- |...[.| |.|...|...|.@.|.|.| |...-- |.---.-------.|.|.| ...... ............|.|...| ...... -------.----------|.|----- ..... |.....|.|*.......*|.|..... ---.. ---.|.--|..*......|.|.|.--- |.. |.|...-.^..<..*.-.|.|.... ----- |.. -----.|---|.....^..(|[|.|--.- ....| ..* |.....|...|.........|.*.| |.. ----.|.--- .---^. |.---.|.|.----------|.-----.. --|..|.|...| |...... |.....|.|...........|.|...... |.-..|.---.| ---.|.-- -----.|.|*-------.|.|--.---. |-|(.|...|.| |...|.| |...|...|.......|.|..... |*-.*---.|.---.---.|-- |^..-----.---.-.|.|*..{. --|......|.........| |.........| |...|....... ----------------- ----------- -------- woodfighter the Young Cave Woman Experience level: 9 Strength: 16 Dexterity: 17 Constitution: 18 Intelligence: 8 Wisdom: 9 Charisma: 10 Health: 0(80) Energy: 21(21) Def: 12 Gold: 0 Moves: 6172 Dungeon seed: 4vcV-aBsshBv26TV Game ID: woodfighter_1476880686 Your Inventory: Amulets w - an uncursed amulet of unchanging (being worn) Weapons a - a +0 dwarvish spear named main (weapon in hand) b - 4 +0 dwarvish spears (in quiver) Armor r - an uncursed +0 dwarvish mithril-coat (being worn) z - an uncursed +0 cloak of protection (being worn) N - a blessed +1 dwarvish iron helm (being worn) O - a blessed thoroughly rusty +0 pair of iron shoes (being worn) Comestibles c - 2 uncursed sprigs of wolfsbane p - an uncursed eucalyptus leaf D - an uncursed clove of garlic H - an uncursed carrot Tools y - an uncursed skeleton key T - a +0 pick-axe Spells and supernatural/magical abilities: Name Level Category Fail Memory W - pray for help -- divine ? -- Your skills at the end: Miscellaneous Skills bare handed combat [Basic] stealth [Skilled] Weapon Skills scimitar [Basic] club [Basic] spear [Skilled] sling [Basic] Spellcasting Skills Final Attributes: You were piously aligned. You were poison resistant. Your writing hand was ok. You were telepathic. You had infravision. You were very stealthy. You were protected. You could not change from your current form. You were fast. You are dead. Vanquished creatures: 2 vampires a ghost a large mimic a quantum mechanic 2 small mimics an ettin mummy a wood golem a flaming sphere a dwarf king a human mummy a giant beetle a leprechaun a giant spider a horse 2 gnome kings 2 dwarf mummies a housecat a dwarf lord a raven 2 gnome mummies an ape a wood nymph a pony 12 gnome lords 3 gnomish wizards 2 kobold mummies a guardian naga hatchling 3 elf zombies a ghoul 3 floating eyes a kitten 16 dwarves 2 kobold lords a kobold shaman an iguana a hill orc a rabid rat a jitterbug 2 monkeys a dwarf zombie 2 killer bees 3 coyotes a gas spore 3 hobbits an acid blob 2 geckos 50 gnomes 8 manes 6 gnome zombies 4 jackals a fox a kobold 10 newts a goblin 4 sewer rats 4 grid bugs 5 lichens a kobold zombie 187 creatures vanquished. Voluntary challenges: You did not cause conflict. You were not invisible. You did not have reflection. You were not displaced. You used a wielded weapon 406 times, starting on turn 17. You did not apply a unicorn horn. You did not use plumbed fixtures. You read items or engraved 1 time, starting on turn 6146. You never genocided any monsters. You never polymorphed an object. You never changed form. You used no wishes. You never split a pudding. You never wrote Elbereth's name. You never violated your personal moral code. Dungeon overview: The Dungeons of Doom: levels 1 to 3 Level 1 (w) some fountains a long staircase Level 2 (lv) a delicatessen, a fountain stairs to The Gnomish Mines Level 3 The Gnomish Mines: levels 3 to 10 Level 3 stairs to The Dungeons of Doom Level 4 ( ) Level 5 (l) many shops, a temple to Anu, a magic chest, some trees Level 6 Level 7 Level 8 Level 9 Level 10 <- You were here a magic chest, a fountain History has recorded: On T:1 you entered the Dungeons of Doom to retrieve the Amulet of Yendor! On T:30 you reached level 2 of The Dungeons of Doom. On T:699 you reached level 1 of The Gnomish Mines. On T:733 you advanced to experience level 2. On T:853 you reached level 3 of The Dungeons of Doom. On T:1038 you reached level 2 of The Gnomish Mines. On T:1041 you advanced to experience level 3. On T:1079 you advanced to experience level 4. On T:1107 you advanced to experience level 5. On T:1134 you prayed to Anshar. On T:1857 you advanced to experience level 6. On T:2303 you reached level 3 of The Gnomish Mines. On T:2511 you entered the Minetown temple On T:2523 you opened a magic chest. On T:2828 you advanced to experience level 7. On T:2954 you reached level 4 of The Gnomish Mines. On T:3574 you reached level 5 of The Gnomish Mines. On T:4106 you advanced to experience level 8. On T:4181 you reached level 6 of The Gnomish Mines. On T:4911 you reached level 7 of The Gnomish Mines. On T:5620 you reached level 8 of The Gnomish Mines. On T:5620 you reached the bottom of the Mines. On T:5849 you prayed to Anshar. On T:5891 you advanced to experience level 9. Score breakdown: Gold: 0 ( 0 points) Experience: 9 levels ( 800 points) Exploration: 10 levels ( 270 points) Discoveries: 20 items ( 1000 points) Variety of kills: 58 monsters ( 2000 points) Major goal: reached Mine's End ( 1000 points) Survival: died (score multiplied by 3) Total score: 15210 Latest messages: This fortune cookie is delicious! You finish eating the fortune cookie. This cookie has a scrap of paper inside. It reads: Never ride a long worm. You see here 2 green gems. The door opens. You feel agile! You must have been working on your reflexes. You see here a mummy wrapping. You stop exploring. You jab the leocrotta! The leocrotta claws you! The leocrotta bites! The leocrotta misses. The leocrotta claws you! The leocrotta bites! The leocrotta misses. You jab the leocrotta. The leocrotta claws you! The leocrotta misses. (2x) You jab the leocrotta! The leocrotta claws you! The leocrotta misses. The leocrotta claws you! (2x) You die... Final status: Goodbye woodfighter the Cavewoman, killed by a leocrotta... You died in The Gnomish Mines on dungeon level 10 with 15210 points, and 0 pieces of gold, after 6172 moves. You were level 9 with a maximum of 80 hit points when you died.